 Dungeon Crawl Stone Soup version 0.20.2-3-g29329e0561 (webtiles) character file.

384 Alfie the Cutter (level 6, -7/53 HPs)
             Began as a Hill Orc Fighter on Dec 22, 2023.
             Mangled by an ogre
             ... wielding a +0 giant club
              (14 damage)
             ... on level 4 of the Dungeon.
             The game lasted 00:06:12 (2708 turns).

Alfie the Cutter (Hill Orc Fighter)                 Turns: 2708, Time: 00:06:13

Health: -7/53      AC:  8    Str: 21    XL:     6   Next: 77%
Magic:  6/6        EV:  8    Int:  8    God:
Gold:   233        SH:  9    Dex: 10    Spells: 5/5 levels left

rFire    . . .     SeeInvis .   a - +0 rapier
rCold    . . .     Gourm    .   c - +0 shield
rNeg     . . .     Faith    .   b - +0 scale mail
rPois    .         Spirit   .   (no helmet)
rElec    .         Reflect  .   (no cloak)
rCorr    .         Harm     .   (no gloves)
MR       +....                  i - +0 pair of boots
Stlth    +.........             (no amulet)
Regen    0.2/turn               l - ring of stealth
MPRegen  0.1/turn               n - ring of protection from magic

@: no status effects
A: no striking features
a: no special abilities


You were on level 4 of the Dungeon.
You were not hungry.

You visited 1 branch of the dungeon, and saw 4 of its levels.

You collected 233 gold pieces.

Inventory:

Hand Weapons
 a - a +0 rapier (weapon)
Armour
 b - a +0 scale mail (worn)
 c - a +0 shield (worn)
 i - a +0 pair of boots (worn)
Jewellery
 j - a cursed -2 ring of evasion {unknown}
 l - a ring of stealth (left hand)
 n - a ring of protection from magic (right hand)
Wands
 v - a wand of scattershot (2/9)
Scrolls
 e - 4 scrolls of teleportation
 f - a scroll of noise {unknown}
 h - 2 scrolls of fog {unknown}
 p - 2 scrolls of enchant armour {unknown}
 r - a scroll of recharging {unknown}
 t - 2 scrolls of remove curse
 u - a scroll of magic mapping {unknown}
Potions
 d - a potion of might
 g - 5 potions of agility
 m - 3 potions of curing
 o - a potion of haste {unknown}
 q - a potion of flight {unknown}
Comestibles
 k - 2 meat rations
 s - a bread ration
 w - a royal jelly


   Skills:
 + Level 4.6 Fighting
 + Level 4.8 Short Blades
 + Level 4.5 Armour
 + Level 1.0 Dodging
 + Level 4.4 Shields


You had 5 spell levels left.
You didn't know any spells.

Dungeon Overview and Level Annotations

Branches:
Dungeon (4/15)
 Temple: D:4-7

Altars:


Message History

The ogre is moderately wounded.
You puncture the ogre!
The ogre is severely wounded.
The ogre closely misses you.
You hit the ogre but do no damage.
The ogre is heavily wounded.
The ogre hits you but does no damage.
You completely miss the ogre.
The ogre is heavily wounded.
The ogre hits you with a giant club!
* * * LOW HITPOINT WARNING * * *
You puncture the ogre!
The ogre is almost dead.
The ogre barely misses you.
You barely miss the ogre.
The ogre is almost dead.
You barely miss the ogre.
The ogre is almost dead.
The ogre hits you with a giant club!
You die...

#..##.......##.#.###.#.........
#..###########>................
##..#### #.#.###.#.#.......
#......########.#.# #...........
#...............#.# #...........
#.......#######+#.###...........
##..##..........................
#..##............#.......######
###..##.........@..# .....######
.....##......###O#.# ... ......
.##..##......# #.#.###+#+ ######
.............###.#......
#.#.##<......#.>.......#
.......#.####.....[....#
#.#.##.#.# #.)........# ....# #
#..........+ ##### #.......$..%#


You could see an ogre.

Vanquished Creatures
  A bullfrog zombie (D:3)
  An orc priest (D:4)
  A bullfrog skeleton (D:4)
  An iguana (D:4)
  3 orc wizards
  2 hound skeletons
  4 adders
  A shadow imp (D:3)
  2 oozes (D:2)
  An adder zombie (D:2)
  An adder skeleton (D:2)
  A worm (D:2)
  A dart slug (D:1)
  A leopard gecko (D:2)
  13 orcs
  7 bats
  A bat skeleton (D:2)
  3 giant cockroaches
  5 goblins
  7 hobgoblins
  18 jackals
  5 kobolds
  A quokka (D:2)
  4 frilled lizards
  A leopard gecko zombie (D:2)
  A quokka skeleton (D:2)
  6 rats
93 creatures vanquished.

Notes
Turn   | Place    | Note
-------+----------+-------------------------------------------
     0 | D:1      | Alfie the Hill Orc Fighter began the quest for the Orb.
     0 | D:1      | Reached XP level 1. HP: 19/19 MP: 1/1
   183 | D:1      | Reached XP level 2. HP: 23/27 MP: 2/2
   755 | D:2      | Reached XP level 3. HP: 30/33 MP: 3/3
   994 | D:2      | Reached XP level 4. HP: 24/40 MP: 4/4
  1554 | D:3      | Found a faded altar of an unknown god.
  1642 | D:3      | Reached XP level 5. HP: 43/47 MP: 5/5
  2220 | D:3      | Reached XP level 6. HP: 43/53 MP: 6/6
  2542 | D:4      | Reached skill level 1 in Dodging
  2708 | D:4      | Mangled by an ogre

Skill      XL: |  1  2  3  4  5  6 |
---------------+-------------------+-----
Fighting       | 4 |  4.6
Armour         | 4 |  4.5
Short Blades   | 3 4 |  4.8
Shields        | 4 |  4.4
Dodging        | 1 |  1.0

Action                   |  1- 3 |  4- 6 || total
-------------------------+-------+-------++-------
Melee: Rapier            |    84 |   292 ||   376
  Use: Scroll            |       |     8 ||     8
  Eat: Royal jelly       |       |     2 ||     2
       Fruit             |       |     1 ||     1
       Bread ration      |       |     1 ||     1
Armor: Scale mail        |    38 |   115 ||   153
Dodge: Dodged            |    16 |    77 ||    93
Block: Shield            |    28 |   123 ||   151
